 Dungeon Crawl Stone Soup version 0.31-a0-1308-ga3cce3a (webtiles) character file.

Game seed: 2331601477058347840

154 Remcycle the Poker (level 5, -12/38 HPs)
             Began as a Demonspawn Gladiator on Dec 19, 2023.
             Killed by divine providence
             ... invoked by an orc priest
              (15 damage)
             ... on level 3 of the Dungeon.
             The game lasted 00:04:35 (1865 turns).

Remcycle the Poker (Demonspawn Gladiator)           Turns: 1865, Time: 00:04:36

Health: -12/38     AC:  6    Str: 17    XL:     5   Next: 13%
Magic:  5/5        EV: 12    Int:  8    God:
Gold:   160        SH:  0    Dex: 14    Spells: 4/4 levels left

rFire   . . .        a - +0 trident
rCold   . . .        (no shield)
rNeg    . . .        b - +0 leather armour
rPois   .            c - +0 helmet
rElec   .            (no cloak)
rCorr   .            (no gloves)
SInv    .            (no boots)
Will    .....        (no amulet)
Stlth   +            (no ring)
HPRegen 0.26/turn    (no ring)
MPRegen 0.09/turn

%: no passive effects
@: confused
A: thin metallic scales 1, ignite blood 1
a: no special abilities


You were on level 3 of the Dungeon.
You visited 1 branch of the dungeon, and saw 3 of its levels.

You collected 160 gold pieces.

Inventory:

Hand Weapons
 a - a +0 trident (weapon)
Missiles
 d - 2 throwing nets (quivered)
 e - a javelin
Armour
 b - a +0 leather armour (worn)
 c - a +0 helmet (worn)
Jewellery
 p - an amulet of guardian spirit
Wands
 n - a wand of mindburst (20)
Scrolls
 g - a scroll of poison {unknown}
 h - 4 scrolls of identify {unknown}
 j - 2 scrolls of enchant weapon {unknown}
 l - a scroll of enchant armour {unknown}
 m - a scroll of teleportation {unknown}
 o - a scroll of torment {unknown}
Potions
 f - a potion of curing {unknown}
 i - 2 potions of lignification {unknown}
 k - a potion of resistance {unknown}


   Skills:
 - Level 2.0 Fighting
 + Level 5.3 Polearms
 - Level 1.7 Throwing
 - Level 2.6 Dodging


You had 4 spell levels left.
You didn't know any spells.
Your spell library contained the following spells:

 Spells                   Type           Power      Damage    Failure   Level
 Inner Flame              Hex/Fire       0%         N/A       85%         3
 Flame Wave               Conj/Fire      0%         2d4       99%         4
 Sticky Flame             Conj/Fire      0%         2d3       99%         4


Dungeon Overview and Level Annotations

Branches:
Dungeon (3/15)

Altars:


Innate Abilities, Weirdness & Mutations

You are partially covered in thin metallic scales. (AC +2)
Your demonic aura sometimes causes spilled blood to erupt in flames.


Message History

The orc shouts!
An orc is nearby!
An orc wizard comes into view. It is wielding a +0 dagger.
A hobgoblin comes into view.
The hobgoblin shouts!
You hear a shout!
An orc priest comes into view. It is wielding a +0 flail.
You reach to attack!
You barely miss the orc. You puncture the orc!
You kill the orc!
The orc wizard gestures at you while chanting.
You resist with some effort.
The orc wizard mumbles some strange words.
The orc wizard flickers and vanishes!
Deactivating autopickup; reactivate with Ctrl-A.
The orc priest calls down the wrath of Beogh upon you.
Beogh smites you!
The orc priest calls down the wrath of Beogh upon you.
Beogh smites you!
You see here a +1 heavy hand axe.
You are too injured to fight recklessly!
You are too injured to fight recklessly!
You are too injured to fight recklessly!
You are too injured to fight recklessly!
Reach: a) +0 trident
Press: ? - help, Dir - move target, f - hobgoblin
Aim: a hobgoblin (about 40% to evade your +0 trident)
Something you can't see is in the way.
You miss something. Something hits you but does no damage.
Reach: a) +0 trident
Press: ? - help, Dir - move target, f/p - hobgoblin
Aim: a hobgoblin (about 40% to evade your +0 trident)
Something you can't see is in the way.
You hit something.
The orc priest mumbles some strange prayers to Beogh against you.
Beogh smites you!
* * * LOW HITPOINT WARNING * * *
You hear some strange, mumbled words.
You are confused.
The orc priest invokes the aid of Beogh against you.
Beogh smites you!
You die...

###..##.#
...#######...###.##
...................
.####...#####.###
##.### #.# #.# #..#
#.# #....#######.##
#.# #..og{).##..# #
#.#
#.#####@.#.###....
..# #........# ###
.......#.#####
######...# #..##
#..# #>.. .....
...#


You could see an orc priest and a hobgoblin.

Vanquished Creatures
  An orc priest (D:3)
  Jessica (D:2)
  An orc wizard (D:3)
  3 adders
  4 orcs (D:3)
  5 bats
  An endoplasm (D:1)
  2 giant cockroaches
  A goblin (D:1)
  6 hobgoblins
  5 kobolds
  A quokka (D:3)
  3 ball pythons
  5 frilled lizards
  8 rats
47 creatures vanquished.

Notes
Turn   | Place    | Note
-------+----------+-------------------------------------------
     0 | D:1      | Remcycle the Demonspawn Gladiator began the quest for the
                  | Orb.
     0 | D:1      | Reached XP level 1. HP: 16/16 MP: 1/1
    36 | D:1      | Reached skill level 3 in Polearms
   166 | D:1      | Gained mutation: You are partially covered in thin metallic
                  | scales. (AC +2) [demonic ancestry]
   166 | D:1      | Reached XP level 2. HP: 22/22 MP: 2/2
   717 | D:2      | Reached XP level 3. HP: 27/27 MP: 3/3
   989 | D:2      | Reached skill level 4 in Polearms
  1081 | D:2      | Noticed Jessica
  1093 | D:2      | Killed Jessica
  1094 | D:2      | Gained mutation: Your demonic aura sometimes causes spilled
                  | blood to erupt in flames. [demonic ancestry]
  1094 | D:2      | Reached XP level 4. HP: 11/33 MP: 4/4
  1656 | D:3      | Reached skill level 5 in Polearms
  1663 | D:3      | Reached XP level 5. HP: 12/38 MP: 5/5
  1865 | D:3      | Killed from afar by an orc priest

Illustrated notes

Levels and vault maps discovered:
D:1:      lemuel_arrival_funnel, layout_basic
D:2:      minmay_skewed_foursquare, layout_basic, dreamdust_wishing_well,
          minmay_misc_feat_more_columns, amcnicky_mini_corridor_feature,
          uniq_jessica
D:3:      layout_rooms

Skill      XL: |  1  2  3  4 |
---------------+-------------+-----
Polearms       | 3 4 5 |  5.3
Fighting       | |  2.0
Throwing       | |  1.7
Dodging        | |  2.6

Action                     |  1- 3 |  4- 6 || total
---------------------------+-------+-------++-------
  Melee: Trident           |   103 |    44 ||   147
         Punch             |     2 |     1 ||     3
  Throw: Throwing net      |       |     1 ||     1
 Armour: Leather armour    |    54 |    19 ||    73
  Dodge: Dodged            |    61 |    16 ||    77

Table legend: (Time is in decaauts)
 A = Elapsed time spent in this place.
 B = Non-inter-level travel time spent in this place.
 C = Inter-level travel time spent in this place.
 D = Time resting spent in this place.
 E = Time spent auto-exploring this place.
 F = Levels seen in this place.
 G = Mean time per level.
                   A        B        C        D        E       F      G
               +--------+--------+--------+--------+--------+-----+--------+
         Total |   1880 |   1792 |     88 |    105 |   1379 |   3 |  626.7 |
       Dungeon |   1880 |   1792 |     88 |    105 |   1379 |   3 |  626.7 |
               +--------+--------+--------+--------+--------+-----+--------+

Top non-repeatable levels by time:
     D:2: 1026 daAuts
     D:1: 556 daAuts
     D:3: 297 daAuts
